 Dungeon Crawl Stone Soup version 0.28.0-62-gf88900778d (webtiles) character file.

Game seed: 17318695247808729184

422 Coron the Sneak (level 6, -4/57 HPs)
             Began as a Deep Dwarf Delver on Mar 31, 2023.
             Was a Believer of Sif Muna.
             Succumbed to an orc wizard's poison
             ... on level 4 of the Dungeon.
             The game lasted 00:16:58 (2699 turns).

Coron the Sneak (Deep Dwarf Delver)                 Turns: 2699, Time: 00:16:59

Health: -4/57      AC:  8    Str: 17    XL:     6   Next: 63%
Magic:  6/6        EV: 10    Int: 11    God:    Sif Muna [**....]
Gold:   194        SH:  0    Dex: 14    Spells: 5/5 levels left

rFire   . . .      SeeInvis .   a - +0 hand axe
rCold   . . .      Faith    .   (no shield)
rNeg    . . .      Spirit   .   s - +0 scale mail
rPois   .          Reflect  .   t - +0 helmet
rElec   .          Harm     .   (no cloak)
rCorr   .          Rampage  .   (no gloves)
Will    .....                   (no boots)
Stlth   ++........              (no amulet)
HPRegen 0.00/turn               (no ring)
MPRegen 0.10/turn               (no ring)

@: lethally poisoned (-4 -> -13)
A: damage resistance, heal wounds, sense surroundings 1, no regeneration
a: Heal Wounds, Renounce Religion, Channel Magic


You were on level 4 of the Dungeon.
You worshipped Sif Muna.
Sif Muna was pleased with you.
You visited 1 branch of the dungeon, and saw 5 of its levels.

You collected 194 gold pieces.

Inventory:

Hand Weapons
 a - a +0 hand axe (weapon)
Missiles
 l - 51 stones (quivered)
 v - 3 poisoned darts
Armour
 b - a +0 leather armour
 n - a +0 ring mail
 r - a +0 chain mail
 s - a +0 scale mail (worn)
 t - a +0 helmet (worn)
Wands
 g - a wand of digging (2)
Scrolls
 c - 2 scrolls of fog
 d - a scroll of magic mapping
 e - a scroll of fear
 h - a scroll of blinking {unknown}
 k - 3 scrolls of teleportation
 q - a scroll of immolation {unknown}
Potions
 f - 4 potions of haste
 i - a potion of brilliance {unknown}
 j - 2 potions of resistance {unknown}
 m - a potion of heal wounds {unknown}
 p - 2 potions of curing
 u - 2 potions of attraction


   Skills:
 - Level 4.0 Fighting
 - Level 4.0 Axes
 * Level 5.0 Armour
 - Level 3.0 Dodging
 - Level 6.2 Stealth


You had 5 spell levels left.
You didn't know any spells.
Your spell library contained the following spells:

 Spells                   Type           Power      Damage    Failure   Level
 Magic Dart               Conj           0%         1d3       73%         1
 Summon Small Mammal      Summ           0%         N/A       73%         1
 Corpse Rot               Necr/Air       0%         N/A       86%         2
 Searing Ray              Conj           0%         2d4       86%         2
 Call Canine Familiar     Summ           0%         N/A       97%         3
 Frozen Ramparts          Ice            0%         1d2       97%         3
 Inner Flame              Hex/Fire       0%         N/A       97%         3
 Summon Guardian Golem    Hex/Summ       0%         N/A       97%         3
 Cause Fear               Hex            0%         N/A       100%        4
 Dispel Undead            Necr           0%         3d6       100%        4
 Fulminant Prism          Conj/Hex       0%         3d6       100%        4
 Ice Form                 Ice/Tmut       0%         N/A       100%        4
 Summon Ice Beast         Ice/Summ       0%         N/A       100%        4
 Death Channel            Necr           0%         N/A       100%        6
 Discord                  Hex            0%         N/A       100%        8


Dungeon Overview and Level Annotations

Branches:
Dungeon (5/15)             Temple (0/1) D:5

Altars:
Sif Muna
The Shining One

Shops:
D:1 (   D:2 (

Annotations:
D:4 exclusion: ogre


Innate Abilities, Weirdness & Mutations

You are resistant to damage.
You can heal yourself by infusing magical energy.
You passively map a small area around you.
You do not regenerate.


Message History

The orc hits you with a +0 flail of protection!
Something completely misses you. The orc closely misses you.
You slash the orc!
You kill the orc!
Sif Muna accepts your kill.
You miss something. You hit the orc.
You kill the orc!
Sif Muna accepts your kill. Something hits you but does no damage.
You are more poisoned.
The orc barely misses you.
You hit something. You closely miss the orc.
Something hits you but does no damage.
You are more poisoned.
The orc hits you with a +0 mace.
You hit something. You hit the orc but do no damage.
You feel very sick. Something hits you but does no damage.
You are more poisoned.
The orc hits you with a +0 mace.
You hit something but do no damage. You hit the orc.
You feel very sick. Something hits you.
You are more poisoned.
The orc hits you with a +0 mace. Something hits you but does no damage.
You barely miss something. You hit the orc but do no damage.
You feel extremely sick. The orc hits you but does no damage.
Something hits you.
You are more poisoned.
You closely miss something. You hit the orc but do no damage.
* * * LOW HITPOINT WARNING * * *
You feel extremely sick. The orc closely misses you.
Something hits you but does no damage.
You miss something. You barely miss the orc.
You feel very sick. The orc closely misses you. Something hits you.
You are lethally poisoned!
Unknown command.
You miss something. You closely miss the orc.
You die...

,, #♣...♣# , ...# * *#.....# * ,
...# #♣...♣# ,* #..# * ** ###'###
, ,,, ,..., ##.#.### #### ** ,
>.#* ** ###..#.... ...# #.#
#.......## ##.# ##o## #.#...####
#.# #)@{# #.#....... #)# #...#
#.###.#### #.# #...######.....#
#.# #.........####.#### #.###
######....##............ ##...#
###....................##. ####.#
#.................##......
####.###.#.....>....<....#....##.
.........######....##.#..#..#.##.


You could see an orc.

Vanquished Creatures
  Sigmund (D:2)
  A hound (D:4)
  An orc wizard (D:3)
  An iguana (D:4)
  A killer bee zombie (D:4)
  A hound skeleton (D:4)
  Robin (D:3)
  2 adders
  2 worms
  2 dart slugs
  8 orcs
  7 ball pythons
  9 endoplasms
  2 giant cockroaches
  11 hobgoblins
  10 jackals
  4 kobolds
  3 quokkas
  10 bats
  4 frilled lizards
  13 goblins
  8 rats
102 creatures vanquished.

Vanquished Creatures (others)
  8 fungi
  10 plants (D:2)
18 creatures vanquished.

Grand Total: 120 creatures vanquished

Notes
Turn   | Place    | Note
-------+----------+-------------------------------------------
     0 | D:5      | Coron the Deep Dwarf Delver began the quest for the Orb.
     0 | D:5      | Reached XP level 1. HP: 20/20 MP: 1/1
    10 | D:5      | Noticed an ogre
    15 | D:4      | Noticed an iguana
    31 | D:4      | Reached XP level 2. HP: 21/27 MP: 2/2
   282 | D:2      | Reached XP level 3. HP: 18/34 MP: 3/3
   473 | D:1      | Reached skill level 1 in Armour
   563 | D:1      | Found Rumuacso's Antique Weapon Shop.
   682 | D:1      | Reached XP level 4. HP: 42/42 MP: 4/4
   954 | D:2      | Found a faded altar of an unknown god.
   957 | D:2      | Prayed at the altar of an unknown god.
   957 | D:2      | Became a worshipper of Sif Muna the Loreminder
   957 | D:2      | Reached * piety under Sif Muna
  1004 | D:2      | Found Dylig's Antique Weapon Shoppe.
  1080 | D:2      | Noticed Sigmund
  1104 | D:2      | Killed Sigmund
  1105 | D:2      | Reached XP level 5. HP: 30/49 MP: 5/5
  1633 | D:3      | Noticed Robin
  1644 | D:3      | Reached ** piety under Sif Muna
  1645 | D:3      | Reached XP level 6. HP: 45/56 MP: 6/6
  1653 | D:3      | Killed Robin
  2459 | D:4      | Reached skill level 5 in Armour
  2653 | D:4      | Found a glowing golden altar of the Shining One.
  2699 | D:4      | Succumbed to an orc wizard's poison

Illustrated notes

Levels and vault maps discovered:
D:1:      elethiomel_arrival_shortcut, layout_rooms, serial_shops,
          nicolae_lakefront_shop
D:2:      layout_loops_ring, shapermc_ecumenical_altar_mp_urbaneastern,
          serial_shops, nicolae_shop_advertising_works
          [nicolae_subvault_shop_adworks], corexii_shack, uniq_sigmund
D:3:      layout_basic, minmay_statues_item, uniq_robin
D:4:      layout_loops_cross, tso_altar
D:5:      layout_basic, minmay_temple_entry_arrows, serial_aquarium,
          aquarium_bridge_square [aquarium_subvault_bridge,
          aquarium_subvault_wall, aquarium_subvault_balcony,
          aquarium_subvault_bridge], aquarium_window_fake,
          aquarium_window_corridor_3, aquarium_view_2g, aquarium_view_2e,
          aquarium_balcony_5b, minmay_misc_feat_square, uniq_pikel

Skill      XL: |  1  2  3  4  5  6 |
---------------+-------------------+-----
Fighting       | 3 4 |  4.0
Axes           | 3 4 |  4.0
Dodging        | 3 |  3.0
Armour         | 2 4 5 |  5.0
Stealth        | |  6.2

Action                   |  1- 3 |  4- 6 || total
-------------------------+-------+-------++-------
Melee: Hand axe          |   119 |   255 ||   374
       Punch             |       |     5 ||     5
Throw: Stone             |       |    11 ||    11
 Abil: Heal Wounds       |     1 |     4 ||     5
Evoke: Wand              |       |     1 ||     1
  Use: Scroll            |     1 |     2 ||     3
 Stab: Sleeping          |     4 |     6 ||    10
       Distracted        |       |     1 ||     1
Armor: Leather armour    |    33 |       ||    33
       Ring mail         |    36 |    14 ||    50
       Scale mail        |       |    97 ||    97
Dodge: Dodged            |   120 |   124 ||   244
